 Dungeon Crawl Stone Soup version 0.22-a0-298-g92d99f377c (webtiles) character file.

1476 Manul the Twirler (level 8, -4/61 HPs)
             Began as a Demonspawn Gladiator on Mar 25, 2018.
             Was a Priest of Jiyva.
             Killed by divine providence
             ... invoked by an orc priest
              (13 damage)
             ... on level 7 of the Dungeon.
             The game lasted 00:08:20 (5354 turns).

Manul the Twirler (Demonspawn Gladiator)            Turns: 5354, Time: 00:08:20

Health: -4/61      AC:  9    Str: 15    XL:     8   Next: 49%
Magic:  8/8        EV: 11    Int:  9    God:    Jiyva [***...]
Gold:   290        SH:  0    Dex: 17    Spells: 7/7 levels left

rFire    x . .     SeeInvis .   C - +2 trident (vamp)
rCold    + + .     Gourm    .   (no shield)
rNeg     . . .     Faith    .   B - +0 chain mail
rPois    .         Spirit   .   (helmet restricted)
rElec    .         Reflect  .   (no cloak)
rCorr    +         Harm     .   (no gloves)
MR       .....     Clarity  +   (no boots)
Stlth    ..........             v - amulet of regeneration
HPRegen  0.60/turn              r - ring of ice
MPRegen  0.11/turn              (no ring)

@: invisible
A: horns 1, clarity, cold resistance 1, demonic guardian 1, sturdy frame 2
a: Request Jelly, Renounce Religion


You were on level 7 of the Dungeon.
You worshipped Jiyva.
Jiyva was most pleased with you.
You were not hungry.

You visited 2 branches of the dungeon, and saw 8 of its levels.
You also visited: Sewer.

You collected 290 gold pieces.

Inventory:

Hand Weapons
 a - a +0 quarterstaff
 e - a +1 hand axe of freezing
 m - a +0 scythe
 C - a +2 vampiric trident (weapon)
Missiles
 d - 3 throwing nets (quivered)
 y - 4 silver javelins
Armour
 b - a +0 leather armour
 c - a +0 helmet
 n - a +0 ring mail
 w - a +0 chain mail
 B - a +0 chain mail (worn)
Jewellery
 r - a ring of ice (left hand)
 v - an amulet of regeneration (around neck)
Scrolls
 g - 4 scrolls of remove curse
 h - 2 scrolls of teleportation {unknown}
 k - 3 scrolls of identify
 l - a scroll of amnesia {unknown}
 o - 2 scrolls of fear {unknown}
 p - a scroll of enchant armour {unknown}
 s - 2 scrolls of noise {unknown}
 t - a scroll of random uselessness {unknown}
 u - 2 scrolls of fog {unknown}
 E - a scroll of immolation {unknown}
Potions
 i - a potion of curing {unknown}
 j - a potion of might
 q - a potion of heal wounds {unknown}
 A - 2 potions of lignification {unknown}
 D - 2 potions of degeneration {unknown}
Comestibles
 f - 5 rations
 x - 7 chunks of flesh


   Skills:
 + Level 4.4 Fighting
 + Level 2.6(4.9) Polearms
 + Level 6.5(6.8) Staves
 - Level 1.9 Throwing
 + Level 4.1 Armour
 + Level 4.5 Dodging
 + Level 1.3 Stealth


You had 7 spell levels left.
You didn't know any spells.

Dungeon Overview and Level Annotations

Branches:
Dungeon (7/15)             Temple (1/1) D:4

Altars:
Ashenzari
Dithmenos
Elyvilon
Fedhas
Hepliaklqana
Kikubaaqudgha
Nemelex Xobeh
Qazlal
Ru
Sif Muna
Trog
Uskayaw
Vehumet
Wu Jian
Yredelemnul
Zin
The Shining One
Jiyva


Innate Abilities, Weirdness & Mutations

You have a pair of small horns on your head.
Your flesh is cold resistant. (rC+)
A weak demonic guardian rushes to your aid.
Your movements are less encumbered by armour. (ER -4)
You possess an exceptional clarity of mind.


Message History

The orc priest invokes the aid of Beogh against you.
Beogh smites you!
The kobold throws a stone.
The stone hits you but does no damage.
Found a stone and 17 sling bullets.
Found an escape hatch in the ceiling. 2 kobolds come into view.
You see here a stone.
As you read the scroll labeled ZUNOLU TA EMEPS, it crumbles to dust.
It is a scroll of identify.
z - a potion of invisibility The kobold shouts! x2
The orc priest invokes the aid of Beogh against you.
Beogh smites you!
* * * LOW HITPOINT WARNING * * *
The orc wizard casts a spell.
The orc wizard seems to speed up.
You fade into invisibility!
The orc priest barely misses your ufetubus.
The orc priest invokes the aid of Beogh against you.
Beogh smites you!
You die...

#########
#..<....#
#.......#
#.......###
#...ooo...
#....5..###
#.....o...#
#....@(.#
#.......#
#######...K
##KK.. K..
.. .


You could see a big kobold, 2 orc priests, an orc wizard, an orc, 3 kobolds and
a friendly ufetubus.

Vanquished Creatures
  The ghost of Somebody the Spear-Bearer, an amateur MfGl (D:4)
  Sigmund (D:2)
  Duvessa (D:4)
  A phantom (D:5)
  An ogre (D:6)
  3 bullfrogs
  2 howler monkeys
  A hound (D:6)
  2 orc wizards (D:6)
  An iguana (D:4)
  A worker ant (D:4)
  A hound skeleton (D:3)
  Robin (D:2)
  3 gnolls (D:4)
  16 adders
  An ooze (D:3)
  2 adder skeletons
  A worm (D:3)
  2 dart slugs
  12 leopard geckos
  12 orcs
  7 bats
  14 giant cockroaches
  14 goblins
  11 hobgoblins
  16 jackals
  3 quokkas
  6 ball pythons
  5 frilled lizards
  6 kobolds
  A quokka skeleton (D:6)
  5 rats
154 creatures vanquished.

Vanquished Creatures (collateral kills)
  A sky beast (D:5)
  An ogre (D:3)
  A centaur (D:5)
  Dowan (D:4)
  An adder (D:2)
  A worm (D:5)
  2 orcs (D:6)
  A hobgoblin (D:2)
  4 jackals (D:3)
  A frilled lizard (D:2)
  2 goblins (D:2)
  A rat (D:2)
17 creatures vanquished.

Vanquished Creatures (others)
  An electric eel (D:6)
  2 jellies
  6 oozes (Sewer)
  2 leopard geckos (Sewer)
  2 giant cockroaches (Sewer)
  A quokka (D:2)
  3 ball pythons (Sewer)
  3 frilled lizards (Sewer)
20 creatures vanquished.

Grand Total: 191 creatures vanquished

Notes
Turn   | Place    | Note
-------+----------+-------------------------------------------
     0 | D:1      | Manul the Demonspawn Gladiator began the quest for the Orb.
     0 | D:1      | Reached XP level 1. HP: 16/16 MP: 1/1
   485 | D:1      | Gained mutation: A weak demonic guardian rushes to your aid. [demonic ancestry]
   485 | D:1      | Reached XP level 2. HP: 17/22 MP: 2/2
   917 | D:2      | Reached skill level 3 in Staves
   974 | D:2      | Reached XP level 3. HP: 19/27 MP: 3/3
  1100 | D:2      | Noticed Robin
  1147 | D:2      | Killed Robin
  1395 | D:2      | Found a white marble altar of Elyvilon.
  1449 | D:2      | Noticed Sigmund
  1493 | D:2      | Reached skill level 1 in Armour
  1531 | D:2      | Killed Sigmund
  1531 | D:2      | Reached skill level 4 in Staves
  1531 | D:2      | Reached XP level 4. HP: 17/34 MP: 4/4
  1531 | D:2      | Gained mutation: Your movements are slightly less encumbered by armour. (ER -2) [demonic ancestry]
  1531 | D:2      | Reached XP level 5. HP: 19/39 MP: 5/5
  2470 | D:3      | Reached skill level 1 in Polearms
  2698 | D:3      | Noticed an ogre
  2712 | D:3      | Killed an ogre
  2770 | D:3      | Gained mutation: You have a pair of small horns on your head. [demonic ancestry]
  2770 | D:3      | Reached XP level 6. HP: 45/46 MP: 6/6
  2861 | D:3      | Found an ornate altar of the Wu Jian Council.
  3167 | D:4      | Reached skill level 1 in Stealth
  3193 | D:4      | HP: 2/46 [poisoned by an adder]
  3200 | D:4      | HP: 1/46 [poisoned by an adder]
  3208 | D:4      | HP: 1/46 [poisoned by an adder]
  3629 | D:4      | Noticed Duvessa
  3630 | D:4      | Noticed Dowan
  3636 | D:4      | Killed Duvessa
  3641 | D:4      | Killed Dowan
  3709 | D:4      | Noticed Somebody's ghost (amateur MfGl)
  3717 | D:4      | Killed Somebody's ghost
  3717 | D:4      | Reached skill level 5 in Staves
  3717 | D:4      | Gained mutation: Your movements are less encumbered by armour. (ER -4) [demonic ancestry]
  3717 | D:4      | Reached XP level 7. HP: 37/52 MP: 7/7
  3762 | D:4      | Found a staircase to the Ecumenical Temple.
  3900 | Temple   | Entered the Ecumenical Temple
  3914 | Temple   | Became a worshipper of Jiyva Jidekip the Shapeless
  3956 | D:5      | Entered Level 5 of the Dungeon
  3997 | D:5      | Found a sparkling altar of Nemelex Xobeh.
  4091 | D:5      | Found a radiant altar of Vehumet.
  4165 | D:5      | Found a sacrificial altar of Ru.
  4165 | D:5      | Found a glowing silver altar of Zin.
  4167 | D:5      | Found a glowing golden altar of the Shining One.
  4323 | D:5      | Reached * piety under Jiyva
  4383 | D:6      | Gained mutation: Your flesh is cold resistant. (rC+) [demonic ancestry]
  4383 | D:6      | Reached XP level 8. HP: 58/60 MP: 8/8
  4532 | D:6      | Reached skill level 6 in Staves
  4626 | D:6      | Found a glowing drain.
  4630 | Sewer    | Entered a sewer
  4855 | Sewer    | Reached ** piety under Jiyva
  5112 | D:6      | Reached *** piety under Jiyva
  5129 | D:6      | Found a stormy altar of Qazlal.
  5189 | D:6      | Gained mutation: You possess an exceptional clarity of mind. [Jiyva's grace]
  5293 | D:6      | Found a shattered altar of Ashenzari.
  5354 | D:7      | Killed from afar by an orc priest

Vault maps used:
D:1:      dpeg_arrival_rooms_with_view
D:2:      cheibrodos_greedy_goblins, elyvilon_altar_4, serial_park_tiny_pond,
          uniq_sigmund, uniq_robin
D:3:      overflow_temple_1_default
D:4:      temple_pool_b, uniq_duvessa
D:5:      nemelex_xobeh_ov_fountains_minmay, nicolae_overflow_hidden_temple,
          grunt_temple_overflow_open, first_ration
D:6:      ashenzari_altar_1, grunt_qazlal_clouds, portal_sewer_entry_e,
          minivault_14
D:7:      lemuel_crystal_altar, serial_shops, kennysheep_mini_moat, basic_altar
Temple:   pf_slimified_temple
Sewer:    sewer_frog_island_02

Skill      XL: |  1  2  3  4  5  6  7  8 |
---------------+-------------------------+-----
Dodging        | 3 4 |  4.5
Staves         | 3 4 5 6 |  6.5
Armour         | 1 2 3 4 |  4.1
Polearms       | 1 2 |  2.6
Stealth        | 1 |  1.3
Fighting       | 3 4 |  4.4
Throwing       | |  1.9

Action                   |  1- 3 |  4- 6 |  7- 9 || total
-------------------------+-------+-------+-------++-------
Melee: Quarterstaff      |    81 |    65 |   216 ||   362
       Scythe            |       |   119 |       ||   119
       Headbutt          |       |    14 |    39 ||    53
       Trident           |       |       |    44 ||    44
Throw: Throwing net      |     2 |       |       ||     2
  Use: Potion            |     2 |       |     1 ||     3
       Scroll            |       |       |     3 ||     3
 Stab: Sleeping          |       |     3 |       ||     3
  Eat: Chunk             |     2 |     7 |     5 ||    14
       Ration            |       |       |     2 ||     2
Armor: Leather armour    |    19 |    50 |       ||    69
       Ring mail         |       |    14 |     1 ||    15
       Chain mail        |       |       |   159 ||   159
Dodge: Dodged            |    76 |   209 |   159 ||   444

Table legend:
 A = Spawn XP
 B = Non-spawn XP
 C = Spawn XP percentage of total XP
 D = Spawn monster count
 E = Non-spawn monster count
 F = Spawn count percentage of total count
 G = Total turns spent on level
                    A         B        C        D         E        F      G
               +---------+---------+-------+---------+---------+-------+---------
         Total |       0 |    2109 |   0.0 |       0 |     171 |   0.0 |  5354
               +---------+---------+-------+---------+---------+-------+---------
           D:1 |       0 |      17 |   0.0 |       0 |      11 |   0.0 |   877
           D:2 |       0 |     218 |   0.0 |       0 |      43 |   0.0 |  1330
           D:3 |       0 |     173 |   0.0 |       0 |      25 |   0.0 |   846
           D:4 |       0 |     590 |   0.0 |       0 |      13 |   0.0 |   875
           D:5 |       0 |     384 |   0.0 |       0 |      15 |   0.0 |   412
           D:6 |       0 |     528 |   0.0 |       0 |      30 |   0.0 |   670
           D:7 |       0 |      16 |   0.0 |       0 |       2 |   0.0 |    27
         Sewer |       0 |     183 |   0.0 |       0 |      32 |   0.0 |   289
               +---------+---------+-------+---------+---------+-------+---------
